 Dungeon Crawl Stone Soup version 0.17.1-3-g152610e (webtiles) character file.

8773 Miyamura the Fighter (level 11, -18/108 HPs)
             Began as an Ogre Hunter on Mar 31, 2016.
             Was an Elder of Okawaru.
             Demolished by Snorg (22 damage)
             ... on level 11 of the Dungeon.
             The game lasted 00:43:12 (19660 turns).

Miyamura the Fighter (Ogre Hunter)                 Turns: 19660, Time: 00:43:12

Health: -18/108    AC: 10    Str: 30    XL:     11   Next: 36%
Magic:  10/11      EV: 22    Int:  8    God:    Okawaru [****..]
Gold:   987        SH: 12    Dex: 15    Spells: 0 memorised, 10 levels left

rFire  . . .     SeeInvis .     l - +3 mace (protect)
rCold  . . .     Clarity  .     b - +1 robe
rNeg   . . .     SustAt   .     m - +0 shield
rPois  +         Gourm    .     (helmet restricted)
rElec  .         Spirit   .     X - +1 cloak {MR+}
rCorr  .         Warding  .     (gloves unavailable)
rMut   .         Stasis   .     (boots unavailable)
MR     ++...                    (no amulet)
Stlth  ++++......               K - +3 ring of strength
                                f - ring of poison resistance

@: mighty, agile, heroism, very resistant to hostile enchantments, stealthy
A: unfitting armour, blink, clumsy 1, deformed body, dopey 1, frail 1, strong 1,
tough skin 1
a: Blink, Heroism, Renounce Religion


You were on level 11 of the Dungeon.
You worshipped Okawaru.
Okawaru was greatly pleased with you.
You were hungry.

You visited 4 branches of the dungeon, and saw 16 of its levels.
You also visited: Bailey.

You collected 1077 gold pieces.
You spent 90 gold pieces at shops.

Inventory:

Hand Weapons
 c - a +0 blowgun
 g - a +2 dagger of venom
 l - a +3 mace of protection (weapon)
 t - a +0 dire flail of holy wrath
 D - a +0 giant spiked club
Missiles
 C - a large rock (quivered)
 E - 41 poisoned needles
 J - 4 javelins of returning
 U - 36 tomahawks of returning
Armour
 b - a +1 robe (worn)
 m - a +0 shield (worn)
 X - a +1 cloak of magic resistance (worn)
Rods
 A - a +0 rod of clouds (14/14)
   (You found it on level 7 of the Dungeon)
Jewellery
 f - a ring of poison resistance (left hand)
 o - an uncursed ring of positive energy
 y - an uncursed ring of see invisible
 K - a +3 ring of strength (right hand)
Wands
 k - a wand of frost (41)
 p - a wand of paralysis (17)
 z - a wand of enslavement (5)
 L - a wand of flame (12)
 R - a wand of disintegration (6)
Scrolls
 q - a scroll of recharging
 v - a scroll of immolation
 w - 2 scrolls of amnesia
 x - 2 scrolls of remove curse
 G - 2 scrolls of enchant weapon
 T - a scroll of fog
Potions
 j - a potion of lignification
Books
 u - a book of the Tempests

   Spells                             Type                      Level
   a - Static Discharge               Conjuration/Air              3
   b - Lightning Bolt                 Conjuration/Air              5
   c - Fireball                       Conjuration/Fire             5
   d - Tornado                        Air                          9
   e - Shatter                        Earth                        9
Miscellaneous
 M - a phantom mirror
Comestibles
 a - 9 chunks of flesh
 e - 8 bread rations
 i - 9 meat rations
 n - 5 slices of pizza
 r - 10 fruits
 P - a beef jerky


   Skills:
 + Level 11.0(16.0) Fighting
 + Level 10.2(15.2) Maces & Flails
 + Level 9.2(14.2) Throwing
 + Level 7.6(12.6) Dodging
 - Level 4.0(9.0) Stealth
 + Level 3.8(8.8) Shields


You had 10 spell levels left.
You didn't know any spells.

Dungeon Overview and Level Annotations

Branches:
Dungeon (11/15)            Temple (1/1) D:5            Lair (1/8) D:8
    Orc (3/4) D:11
    Elf: Orc:3-4

Altars:
Ashenzari
Cheibriados
Dithmenos
Elyvilon
Fedhas
Gozag
Kikubaaqudgha
Makhleb
Nemelex Xobeh
Okawaru
Qazlal
Ru
Sif Muna
Trog
Vehumet
Xom
Yredelemnul
Zin
The Shining One

Shops:
D:8 (   Orc:2 (

Annotations:
D:6 bollicks1999's ghost, novice MiFi
D:11 Snorg


Innate Abilities, Weirdness & Mutations

You are too large for most types of armour.
You have tough skin (AC +1).
You can translocate small distances at will.
You are clumsy. (Dex -2)
Armour fits poorly on your strangely shaped body.
You are dopey. (Int -2)
You are frail (-10% HP).
Your muscles are strong. (Str +2)


Message History

Drink which item? (? for menu, Esc to quit)
You feel very mighty all of a sudden. Snorg bites you!
Snorg closely misses you. You block Snorg's attack.
Drink which item? (? for menu, Esc to quit)
You feel agile all of a sudden. You block Snorg's attack. x2
Snorg closely misses you.
The crimson imp shouts, "Turn tail, thou unmuzzled unchin-snouted bootlicker!"
You block the necrophage's attack. Snorg bites you!!
* * * LOW HITPOINT WARNING * * *
Snorg closely misses you. Snorg claws you!
* * * LOW HITPOINT WARNING * * *
You block the necrophage's attack. You block the necrophage's attack.
You block Snorg's attack. Snorg claws you but does no damage. Snorg claws you!
* * * LOW HITPOINT WARNING * * *
The rust devil disappears in a puff of smoke!
You block Snorg's attack. Snorg misses you. Snorg closely misses you.
Snorg misses you. Snorg claws you!!
You die...

#######)# #.......## ####
#........### ##..#
####........##
##...#####.5..........###
##...K##5...#n...........###
#..KK.5K#####.......####...###
...K5#### #..T...## ###...###
..#### #...@..# ####...## ###
#......# ##...##... #.....##
#.......#. #.....# #........#
#....## #........# #....#
#......... #..... #.........
...... #......... #.........


You could see Snorg (berserk), a necrophage and a quasit.

Vanquished Creatures
  An orc knight (Bailey)
  A trapdoor spider (D:10)
  A deep elf mage (D:9)
  A wraith (D:11)
  2 hippogriffs
  8 yaks
  A hungry ghost (D:7)
  Edmund (D:6)
  A water moccasin (D:7)
  A sky beast (D:6)
  A wasp (D:7)
  An eye of draining (D:9)
  11 orc warriors
  An ice beast (D:6)
  A phantom (D:8)
  9 ogres
  2 big kobolds
  A necrophage (D:8)
  A centaur (D:9)
  5 giant frogs
  2 gnoll sergeants
  A wyvern skeleton (D:9)
  3 scorpions
  13 killer bees
  7 wights
  A jelly (D:8)
  A gnoll shaman (D:4)
  5 crimson imps
  8 orc priests
  15 orc wizards
  A centaur zombie (D:7)
  A giant frog zombie (D:7)
  A centaur skeleton (D:7)
  3 quasits
  5 hounds
  9 worker ants
  2 iguanas
  The ghost of Charly the Grave Robber, a weakling OpNe (D:3)
  14 adders
  14 gnolls
  3 shadow imps
  An ooze (D:1)
  An adder zombie (D:5)
  2 worms (D:3)
  5 giant geckos
  98 orcs
  6 giant cockroaches
  11 goblins
  10 hobgoblins
  3 jackals (D:1)
  21 kobolds
  4 quokkas
  2 ball pythons
  9 bats
  6 giant newts
  4 rats
344 creatures vanquished.

Notes
Turn   | Place    | Note
--------------------------------------------------------------
     0 | D:1      | Miyamura the Ogre Hunter began the quest for the Orb.
     0 | D:1      | Reached XP level 1. HP: 22/22 MP: 1/1
   264 | D:1      | Reached skill level 1 in Stealth
   266 | D:1      | Reached XP level 2. HP: 16/31 MP: 2/2
   995 | D:1      | Reached XP level 3. HP: 17/37 MP: 3/3
  1590 | D:2      | Found a burning altar of Makhleb.
  1766 | D:2      | Reached XP level 4. HP: 28/48 MP: 4/4
  2354 | D:3      | Reached skill level 1 in Maces & Flails
  2612 | D:3      | Noticed Charly's ghost (weakling OpNe)
  2616 | D:3      | Killed Charly's ghost
  2848 | D:2      | Found an ancient bone altar of Kikubaaqudgha.
  2848 | D:2      | Found a snail-covered altar of Cheibriados.
  2889 | D:3      | Reached XP level 5. HP: 37/54 MP: 5/5
  3507 | D:4      | Reached XP level 6. HP: 63/63 MP: 6/6
  3897 | D:4      | Reached skill level 5 in Fighting
  3897 | D:4      | Reached skill level 5 in Throwing
  4247 | D:4      | Noticed an ogre
  4251 | D:4      | Killed an ogre
  4251 | D:4      | Reached XP level 7. HP: 72/72 MP: 7/7
  4845 | D:5      | Entered Level 5 of the Dungeon
  5161 | D:5      | Found a staircase to the Ecumenical Temple.
  5169 | Temple   | Entered the Ecumenical Temple
  5386 | Temple   | Became a worshipper of Warmaster Okawaru
  5579 | D:5      | Found a deep blue altar of Sif Muna.
  6115 | D:6      | Reached skill level 6 in Fighting
  6119 | D:6      | Gained mutation: You are clumsy. (Dex -2) [mutagenic meat]
  6120 | D:6      | Gained mutation: Your muscles are strong. (Str +2) [mutagenic meat]
  6121 | D:6      | Gained mutation: You are dopey. (Int -2) [mutagenic meat]
  6123 | D:6      | Gained mutation: Armour fits poorly on your strangely shaped body. [mutagenic meat]
  6124 | D:6      | Gained mutation: You are frail (-10% HP). [mutagenic meat]
  6318 | D:6      | Reached XP level 8. HP: 74/74 MP: 8/8
  6327 | D:6      | Noticed Edmund
  6407 | D:6      | Killed Edmund
  6407 | D:6      | Reached * piety under Okawaru
  6677 | D:6      | Reached skill level 5 in Maces & Flails
  6696 | D:6      | Noticed bollicks1999's ghost (novice MiFi)
  7083 | D:6      | HP: 3/75 [ice beast (14)]
  8207 | D:7      | Reached skill level 7 in Fighting
  8653 | D:7      | Reached ** piety under Okawaru
  8653 | D:7      | Reached XP level 9. HP: 83/83 MP: 9/9
  8828 | D:7      | Reached skill level 5 in Dodging
  9022 | D:7      | Reached skill level 8 in Fighting
 10554 | D:7      | Identified a +0 rod of clouds (14/14) (You found it on level 7 of the Dungeon)
 10902 | D:7      | Reached *** piety under Okawaru
 11148 | D:7      | Found a glowing golden altar of the Shining One.
 11148 | D:7      | Found a radiant altar of Vehumet.
 11825 | D:8      | Found Vyxtaigi's Antique Weapon Boutique.
 11922 | D:8      | Found a staircase to the Lair.
 12118 | D:8      | Bought a blowgun for 90 gold pieces
 12219 | D:8      | Reached skill level 9 in Fighting
 12612 | D:8      | Found a glowing silver altar of Zin.
 12619 | D:8      | Reached XP level 10. HP: 88/96 MP: 10/10
 12663 | Lair:1   | Entered Level 1 of the Lair of Beasts
 12663 | Lair:1   | Noticed a black mamba
 13464 | D:9      | Received a gift from Okawaru
 13980 | D:9      | Reached skill level 1 in Shields
 14383 | D:9      | Reached **** piety under Okawaru
 14819 | D:10     | Entered Level 10 of the Dungeon
 14952 | D:10     | Reached skill level 10 in Fighting
 15487 | D:10     | Received a gift from Okawaru
 15956 | D:11     | Received a gift from Okawaru
 16013 | D:11     | Reached XP level 11. HP: 50/107 MP: 11/11
 16539 | D:11     | Reached skill level 10 in Maces & Flails
 16884 | D:11     | Found a staircase to the Orcish Mines.
 16904 | D:11     | Noticed an ice devil
 16906 | Orc:1    | Entered Level 1 of the Orcish Mines
 17125 | Orc:1    | Noticed Snorg
 17983 | Orc:2    | Found Anirph's Antique Weapon Shoppe.
 18042 | Orc:2    | Found a flagged portal.
 18065 | Bailey   | Entered a bailey
 18208 | Bailey   | Noticed an orc knight
 18267 | Bailey   | Killed an orc knight
 18267 | Bailey   | Reached skill level 11 in Fighting
 18290 | Bailey   | Found an iron altar of Okawaru.
 18350 | Bailey   | Gained mutation: You can translocate small distances at will. [potion of beneficial mutation]
 18712 | Orc:3    | Noticed an orc warlord
 19656 | D:11     | HP: 3/108 [Snorg (11)]
 19660 | D:11     | Demolished by Snorg

Action                   |  1- 3 |  4- 6 |  7- 9 | 10-12 || total
-------------------------+-------+-------+-------+-------++-------
Melee: Short sword       |    47 |       |       |       ||    47
       Mace              |    96 |   170 |   449 |   626 ||  1341
       Dire flail        |       |       |     8 |       ||     8
Throw: Large rock        |     7 |    25 |    38 |     6 ||    76
       Throwing net      |       |       |     8 |     3 ||    11
       Javelin           |       |       |       |    53 ||    53
       Tomahawk          |       |       |       |    16 ||    16
Invok: Heroism           |       |       |     3 |     7 ||    10
 Abil: Blink             |       |       |       |     5 ||     5
Evoke: Wand              |       |     2 |       |       ||     2
       Phantom mirror    |       |       |       |     2 ||     2
  Use: Scroll            |     3 |     5 |    11 |     6 ||    25
       Potion            |       |     2 |     3 |     8 ||    13
 Stab: Sleeping          |     1 |     1 |     6 |     1 ||     9
       Held in net/web   |       |       |       |     3 ||     3
  Eat: Chunk             |     3 |     8 |    27 |    24 ||    62
       Beef jerky        |       |       |     2 |       ||     2
       Royal jelly       |       |       |     2 |       ||     2
